 Dungeon Crawl Stone Soup version 0.32-a0-913-g739538afd8 (webtiles) character file.

Game seed: 7959614674571958395

1191 SpatialVortex the Slicer (level 8, -9/56 HPs)
             Began as a Coglin Brigand on Apr 7, 2024.
             Was a Believer of Uskayaw.
             Mangled by Menkaure (11 damage)
             ... on level 6 of the Dungeon.
             The game lasted 00:07:41 (5297 turns).

SpatialVortex the Slicer (Coglin Brigand)           Turns: 5297, Time: 00:07:42

Health: -9/56      AC:  6    Str: 13    XL:     8   Next: 43%
Magic:  9/9        EV:  9    Int: 10    God:    Uskayaw [**....]
Gold:   223        SH:  0    Dex: 17    Spells: 7/7 levels left

rFire   . . .        D - +0 dagger (venom) {Hajoon}
rCold   . . .        r - +2 dagger (venom) {Appia}
rNeg    . . .        k - +0 ring mail
rPois   .            (no helmet)
rElec   .            c - +0 cloak
rCorr   .            (no gloves)
SInv    .            (no boots)
Will    .....        (amulet unavailable)
Stlth   ++           (ring unavailable)
HPRegen 0.29/turn    (ring unavailable)
MPRegen 0.11/turn    (no gizmo)

%: no passive effects
@: revved
A: off-hand wielding, slow wielding, warmup strikes, no jewellery
a: Invent Gizmo, Renounce Religion, Stomp, Line Pass


You were on level 6 of the Dungeon.
You worshipped Uskayaw.
Uskayaw was noncommittal.
You visited 2 branches of the dungeon, and saw 7 of its levels.
You also visited: Sewer.

You collected 223 gold pieces.

Inventory:

Hand Weapons
 a - a +2 dagger {Ælfric}
 f - a +0 dagger {Zimri-Dagan}
 g - a +0 short sword {Daeho}
 i - a +0 rapier {Seoyun}
 r - a +2 dagger of venom (offhand) {Appia}
 D - a +0 dagger of venom (weapon) {Hajoon}
Missiles
 d - 12 poisoned darts (quivered)
 e - 3 curare-tipped darts {=f}
 E - a throwing net {=f!f}
Armour
 b - a +0 robe
 c - a +0 cloak (worn)
 k - a +0 ring mail (worn)
 I - the +0 robe "Qaplumuph" {+Blink rElec rF+ Stlth+}
   (You found it on level 4 of the Dungeon)

   rF+:       It protects you from fire.
   rElec:     It insulates you from electricity.
   +Blink:    It lets you blink.
   Stlth+:    It makes you more stealthy.
Wands
 m - a wand of charming (7)
 v - a wand of polymorph (20)
 F - a wand of flame (15)
 L - a wand of digging (7)
 M - a wand of warping (6)
Scrolls
 h - 3 scrolls of immolation {unknown}
 j - a scroll of fear {unknown}
 o - 2 scrolls of enchant weapon {unknown}
 p - a scroll of revelation {unknown}
 q - 3 scrolls of identify {unknown}
 t - a scroll of torment {unknown}
 w - 3 scrolls of teleportation {unknown}
 y - a scroll of enchant armour {unknown}
 G - a scroll of amnesia {unknown}
 H - a scroll of noise {unknown}
 J - 2 scrolls of fog {unknown}
Potions
 l - a potion of might {unknown}
 n - 2 potions of degeneration {unknown}
 s - 2 potions of mutation {unknown}
 u - a potion of resistance {unknown}
 x - a potion of heal wounds {unknown}
 z - 2 potions of brilliance {unknown}
 A - 2 potions of cancellation {unknown}
 B - 2 potions of haste {unknown}
 C - 6 potions of invisibility {unknown}
 K - a potion of curing {unknown}


   Skills:
 - Level 2.0 Fighting
 - Level 8.0 Short Blades
 - Level 1.7 Throwing
 - Level 0.8 Dodging
 + Level 4.5 Stealth
 + Level 2.6 Invocations


You had 7 spell levels left.
You didn't know any spells.
Your spell library contained the following spells:

 Spells                   Type           Power      Damage    Failure   Level
 Apportation              Tloc           0%         N/A       63%         1
 Kiss of Death            Conj/Necr      0%         2d5       63%         1
 Necrotise                Necr           0%         1d4       63%         1
 Sting                    Conj/Alch      0%         1d3       63%         1
 Summon Small Mammal      Summ           0%         N/A       63%         1
 Cigotuvi's Dreadful Rot  Necr/Alch/Air  0%         N/A       77%         2
 Ensorcelled Hibernation  Hex/Ice        0%         N/A       77%         2
 Confusing Touch          Hex            0%         N/A       94%         3
 Frozen Ramparts          Ice            0%         1d1       94%         3
 Fugue of the Fallen      Necr           0%         N/A       94%         3
 Ozocubu's Armour         Ice            0%         N/A       94%         3
 Passwall                 Erth           0%         N/A       94%         3
 Swiftness                Air            0%         N/A       94%         3
 Anguish                  Hex/Necr       0%         N/A       100%        4
 Dispel Undead            Necr           0%         3d6       100%        4
 Martyr's Knell           Necr/Summ      0%         N/A       100%        4
 Metabolic Englaciation   Hex/Ice        0%         N/A       100%        5


Dungeon Overview and Level Annotations

Branches:
Dungeon (6/15)             Temple (1/1) D:4           Sewer (visited)

Altars:
Ashenzari
Dithmenos
Elyvilon
Fedhas
Gozag
Kikubaaqudgha
Nemelex Xobeh
Okawaru
Ru
Sif Muna
Trog
Uskayaw
Wu Jian
Xom
Yredelemnul

Annotations:
D:5 need fly&dig
D:6 Menkaure


Innate Abilities, Weirdness & Mutations

You can wield a second weapon in your off-hand.
It takes a long time for you to wield or remove held weapons.
Your first few attacks do less damage.
You cannot equip rings or amulets.


Message History

Key pressed, stopping explore.
There is an open door here.
Key pressed, stopping explore.
You see here a +0 war axe.
Menkaure, Prince of Dust comes into view.
Menkaure shouts!
You hit Menkaure but do no damage. x2; Menkaure hits you!!
You are too injured to fight recklessly!
You are too injured to fight recklessly!
You hit Menkaure with your +0 dagger of venom.
You barely miss Menkaure with your +2 dagger of venom.
You hit Menkaure with your +2 dagger of venom.
You hit Menkaure with your +0 dagger of venom.
Menkaure misses you.
You hit Menkaure with your +0 dagger of venom.
You closely miss Menkaure with your +2 dagger of venom.
You barely miss Menkaure with your +0 dagger of venom.
You closely miss Menkaure with your +2 dagger of venom.
Menkaure hits you but does no damage.
You barely miss Menkaure with your +0 dagger of venom.
You hit Menkaure but do no damage.
You barely miss Menkaure with your +0 dagger of venom.
You hit Menkaure with your +2 dagger of venom.
Menkaure barely misses you.
You hit Menkaure with your +0 dagger of venom.
You hit Menkaure but do no damage.
You hit Menkaure but do no damage. x2; Menkaure hits you.
You hit Menkaure but do no damage. x2
You hit Menkaure but do no damage.
You barely miss Menkaure with your +2 dagger of venom.
Menkaure mumbles drily.
Menkaure mumbles some strange words.
Menkaure seems to speed up.
You hit Menkaure but do no damage.
You hit Menkaure with your +2 dagger of venom.
You hit Menkaure with your +0 dagger of venom.
You hit Menkaure but do no damage. Menkaure hits you!!
* * * LOW HITPOINT WARNING * * *
You hit Menkaure but do no damage.
You hit Menkaure with your +2 dagger of venom.
Menkaure hits you!
* * * LOW HITPOINT WARNING * * *
You can now pass through a line of other dancers.
Aiming: Charm
Press: ? - help, Q - select action, (/) - cycle Shift-Dir - straight line, f - Menkaure
Aim: Menkaure (heavily damaged, fast, chance to affect: 49%) Menkaure resists with some effort.
Menkaure hits you!
You die...
Your body falls in perfect tune with the rhythm.

#.#.###############
#.#.......#
#.#######.#
#.#(#####.#
#.#.......# #
#.#.#############.#
#.#.#..)..........###
#.#.#.#######........
#.#.#.#...M@.........
#.#.#.#.#...#........
#.#.#.#.#...##.####..
#.#.#.#.#...##.# .
#.#.#.#.#...##.#
#.#.#.#.#...##.#
#.#.#.#<#...##.#
#.#.#.#.#...##.#
#.#.#.#.######.#######


You could see Menkaure (fast).

Vanquished Creatures
  Sigmund (D:3)
  An ice beast (D:6)
  An ogre (D:4)
  2 scorpions (D:6)
  A bullfrog (D:6)
  A bombardier beetle (D:5)
  A hound (D:5)
  4 jellies
  An orc priest (D:3)
  2 iguanas
  An orc wizard (D:5)
  Ijyb (D:4)
  5 river rats
  15 adders
  A shadow imp (D:5)
  3 dart slugs
  4 ribbon worms
  10 orcs
  8 ball pythons
  11 endoplasms
  3 giant cockroaches
  11 goblins
  5 hobgoblins
  2 jackals (D:1)
  13 kobolds
  4 quokkas
  10 bats
  9 frilled lizards
  14 rats
145 creatures vanquished.

Vanquished Creatures (collateral kills)
  A jelly (Sewer)
  A river rat (Sewer)
2 creatures vanquished.

Grand Total: 147 creatures vanquished

Notes
Turn   | Place    | Note
-------+----------+-------------------------------------------
     0 | D:1      | SpatialVortex the Coglin Brigand began the quest for the
                  | Orb.
     0 | D:1      | Reached XP level 1. HP: 16/16 MP: 1/1
    97 | D:1      | Reached skill level 2 in Short Blades
   106 | D:1      | Reached XP level 2. HP: 15/22 MP: 2/2
   344 | D:1      | Reached skill level 3 in Short Blades
   402 | D:1      | Reached XP level 3. HP: 27/27 MP: 3/3
   737 | D:2      | Reached XP level 4. HP: 25/33 MP: 4/4
  1057 | D:2      | Reached skill level 4 in Short Blades
  1464 | D:2      | Reached XP level 5. HP: 32/38 MP: 5/5
  1500 | D:3      | Noticed Sigmund
  1509 | D:3      | Killed Sigmund
  1510 | D:3      | Reached skill level 6 in Short Blades
  1510 | D:3      | Reached XP level 6. HP: 19/44 MP: 0/6
  1895 | D:3      | Found a faded altar of an unknown god.
  2407 | D:4      | Found a glowing drain.
  2413 | Sewer    | Entered a sewer
  2574 | Sewer    | Reached XP level 7. HP: 5/50 MP: 7/7
  2992 | Sewer    | Reached skill level 7 in Short Blades
  3097 | Sewer    | Found a viscous altar of Jiyva.
  3560 | D:4      | Found a staircase to the Ecumenical Temple.
  3576 | Temple   | Entered the Ecumenical Temple
  3621 | Temple   | Became a worshipper of Uskayaw the Reveller
  3737 | D:4      | Noticed Ijyb
  3748 | D:4      | Killed Ijyb
  3748 | D:4      | Reached * piety under Uskayaw
  3816 | D:4      | Found a white marble altar of Elyvilon.
  3823 | D:4      | Identified the +0 robe "Qaplumuph" {+Blink rElec rF+
                  | Stlth+}
  3875 | D:4      | Found a basalt altar of Yredelemnul.
  3949 | D:5      | Entered Level 5 of the Dungeon
  3956 | D:5      | Reached ** piety under Uskayaw
  4018 | D:5      | Reached skill level 8 in Short Blades
  4187 | D:5      | Found an opulent altar of Gozag.
  4188 | D:5      | Found an opulent altar of Gozag.
  4194 | D:5      | Found an opulent altar of Gozag.
  4211 | D:5      | Found an opulent altar of Gozag.
  4256 | D:5      | Reached XP level 8. HP: 52/56 MP: 8/8
  4363 | D:5      | Found a broken altar of Ashenzari.
  4391 | D:5      | Reached skill level 1 in Invocations
  5280 | D:6      | Noticed Menkaure
  5296 | D:6      | HP: 2/56 [Menkaure (11)]
  5297 | D:6      | Mangled by Menkaure

Illustrated notes

Levels and vault maps discovered:
D:1:      ncdulo_watergridlock, layout_basic
D:2:      layout_basic, minmay_3d_cube
D:3:      minmay_octagon_keep, layout_rooms,
          shapermc_ecumenical_altar_flowoftime, uniq_sigmund
D:4:      layout_rooms, kennysheep_ying_yang, minmay_temple_entry_mist,
          lightli_sewer_entry_pipes, uniq_ijyb
D:5:      layout_basic, nicolae_gozag_conspicuous_consumption, kennysheep_mini,
          corexii_item_surrounded_by_moat, kennysheep_flooded_box, st_stairs_12,
          serial_library_hellmonk_open_square
D:6:      layout_basic, serial_bayou_pond_b, hex_intersection, uniq_menkaure
Temple:   minmay_temple_curvy_loop

Skill      XL: |  1  2  3  4  5  6  7  8 |
---------------+-------------------------+-----
Short Blades   | 2 3 4 6 8 |  8.0
Invocations    | 2 |  2.6
Stealth        | 4 |  4.5
Fighting       | |  2.0
Throwing       | |  1.7
Dodging        | |  0.8

Action                     |  1- 3 |  4- 6 |  7- 9 || total
---------------------------+-------+-------+-------++-------
  Melee: Dagger            |    73 |   123 |   221 ||   417
         Short sword       |    57 |    24 |       ||    81
         Rapier            |    14 |   156 |    23 ||   193
  Throw: Dart              |       |       |     6 ||     6
  Evoke: Wand              |       |       |     4 ||     4
   Stab: Sleeping          |     4 |     5 |     2 ||    11
 Armour: Robe              |    38 |       |       ||    38
         Ring mail         |     4 |   121 |    58 ||   183
  Dodge: Dodged            |    42 |    74 |    39 ||   155

Table legend: (Time is in decaauts)
 A = Elapsed time spent in this place.
 B = Non-inter-level travel time spent in this place.
 C = Inter-level travel time spent in this place.
 D = Time resting spent in this place.
 E = Time spent auto-exploring this place.
 F = Levels seen in this place.
 G = Mean time per level.
                   A        B        C        D        E       F      G
               +--------+--------+--------+--------+--------+-----+--------+
         Total |   5272 |   4949 |    323 |    864 |   3147 |   8 |  659.0 |
       Dungeon |   4429 |   4195 |    234 |    499 |   2947 |   6 |  738.2 |
        Temple |     90 |      1 |     89 |      0 |      0 |   1 |   90.0 |
         Sewer |    751 |    751 |      0 |    365 |    199 |   1 |  751.0 |
               +--------+--------+--------+--------+--------+-----+--------+

Top non-repeatable levels by time:
     D:5: 941 daAuts
     D:4: 940 daAuts
     D:3: 861 daAuts
     D:2: 830 daAuts
   Sewer: 751 daAuts
     D:1: 483 daAuts
     D:6: 372 daAuts
  Temple: 90 daAuts
